 Dungeon Crawl Stone Soup version 0.27-a0-585-g945025970d (webtiles) character file.

Game seed: 9322789255736823523

17712 Garpagan the Severer (level 12, -3/108 HPs)
             Began as a Hill Orc Fighter on Mar 10, 2021.
             Was a High Priest of Beogh.
             Slain by a 17-headed hydra (4 damage)
             ... on level 3 of the Lair of Beasts.
             The game lasted 01:18:39 (14733 turns).

Garpagan the Severer (Hill Orc Fighter)            Turns: 14733, Time: 01:18:40

Health: -3/108     AC: 18    Str: 24    XL:     12   Next: 50%
Magic:  12/12      EV:  7    Int:  8    God:    Beogh [*****.]
Gold:   388        SH: 13    Dex: 25    Spells: 11/11 levels left

rFire    . . .     SeeInvis .   M - +4 hand axe "Cainwer" {vamp, *Contam *Noise rElec Dex+9}
rCold    . . .     Faith    .   c - +0 kite shield
rNeg     . . .     Spirit   .   s - +1 plate armour
rPois    +         Reflect  .   (no helmet)
rElec    +         Harm     .   (no cloak)
rCorr    .         Rampage  .   h - +0 pair of gloves
Will     +....                  O - +0 pair of boots
Stlth    ..........             f - amulet of magic regeneration
HPRegen  0.28/turn              l - ring of poison resistance
MPRegen  0.38/turn              k - +6 ring of dexterity

@: no status effects
A: walk on water, talons 1, strong-willed 1, poison resistance, wild magic 1
a: Renounce Religion, Smiting, Recall Orcish Followers, Give Item to Named
Follower


You were on level 3 of the Lair of Beasts.
You worshipped Beogh.
Beogh was extremely pleased with you.
You visited 3 branches of the dungeon, and saw 14 of its levels.
You also visited: Ossuary.

You collected 667 gold pieces.
You spent 279 gold pieces at shops.

Inventory:

Hand Weapons
 G - a +4 war axe of flaming
 I - a +0 fustibalus of freezing
 K - a +0 morningstar of venom
 M - the +4 hand axe "Cainwer" (weapon) {vamp, *Contam *Noise rElec Dex+9}
   (You found it on level 2 of the Lair of Beasts)

   It inflicts no extra harm, but heals its wielder when it wounds a living foe.
   It affects your dexterity (+9).
   It insulates you from electricity.
   It may make noises in combat.
   It causes magical contamination when unequipped.
 S - a +0 glaive of venom
Missiles
 T - 5 silver javelins (quivered)
Armour
 b - a +2 scale mail
 c - a +0 kite shield (worn)
 e - a +1 chain mail
 h - a +0 pair of gloves (worn)
 s - a +1 plate armour (worn)
 D - +0 swamp dragon scales
 N - a +0 hat
 O - a +0 pair of boots (worn)
Jewellery
 f - an amulet of magic regeneration (around neck)
 k - a +6 ring of dexterity (right hand)
 l - a ring of poison resistance (left hand)
 q - a ring of see invisible
 y - an amulet of guardian spirit
 R - a +6 ring of dexterity
Wands
 i - a wand of mindburst (4)
 n - a wand of polymorph (4)
 A - a wand of charming (10)
 F - a wand of paralysis (16)
Scrolls
 j - 2 scrolls of noise
 p - a scroll of acquirement {unknown}
 t - 4 scrolls of teleportation
 u - 2 scrolls of fog
 x - 3 scrolls of amnesia
 B - a scroll of holy word {unknown}
 E - a scroll of random uselessness {unknown}
 H - 4 scrolls of fear {unknown}
 J - a scroll of brand weapon {unknown}
 P - a scroll of blinking
 Q - a scroll of immolation {unknown}
Potions
 d - a potion of degeneration
 m - 6 potions of lignification
 o - 5 potions of curing
 r - 3 potions of flight
 v - 2 potions of invisibility
 w - 2 potions of brilliance
 z - 2 potions of magic
 C - a potion of mutation
Miscellaneous
 L - a box of beasts (inert)


   Skills:
 + Level 10.8 Fighting
 + Level 15.9 Axes
 + Level 10.8 Armour
 + Level 2.0 Dodging
 + Level 1.3 Stealth
 + Level 9.9 Shields
 + Level 0.3 Evocations


You had 11 spell levels left.
You didn't know any spells.
Your spell library contained the following spells:

 Spells                   Type           Power      Damage    Failure   Level
 Animate Skeleton         Necr           0%         N/A       100%        1
 Magic Dart               Conj           0%         1d3       100%        1
 Pain                     Necr           0%         1d4       100%        1
 Blink                    Tloc           N/A        N/A       100%        2
 Call Imp                 Summ           0%         N/A       100%        2
 Slow                     Hex            0%         N/A       100%        2
 Conjure Flame            Conj/Fire      0%         6-21      100%        3
 Mephitic Cloud           Conj/Pois/Air  0%         N/A       100%        3
 Vampiric Draining        Necr           0%         2d6       100%        3
 Animate Dead             Necr           0%         N/A       100%        4
 Agony                    Necr           0%         N/A       100%        5
 Borgnjor's Vile Clutch   Necr/Erth      0%         N/A       100%        5
 Death Channel            Necr           0%         N/A       100%        6
 Simulacrum               Ice/Necr       0%         N/A       100%        6


Dungeon Overview and Level Annotations

Branches:
Dungeon (10/15)            Temple (1/1) D:6            Lair (3/6) D:9
 Spider (0/4) Lair:3      Ossuary (visited)
  Swamp: Lair:2-4    Shoals: Lair:2-4       Orc: D:9-12

Altars:
Ashenzari
Fedhas
Gozag
Hepliaklqana
Kikubaaqudgha
Nemelex Xobeh
Qazlal
Ru
Trog
Uskayaw
Vehumet
Wu Jian
Xom
Yredelemnul
Zin
The Shining One

Shops:
D:4 !   D:9 ((


Innate Abilities, Weirdness & Mutations

You can walk on water.
You have sharp toenails.
You are strong-willed. (Will+)
Your system is resistant to poisons. (rPois)
Your spells are a little harder to cast, but a little more powerful.


Message History

Bladwarg hits the 15-headed hydra with a +0 long sword!!
Bladwarg slices one of the 15-headed hydra's heads off!
The 14-headed hydra grows two more!
You lop one of the 16-headed hydra's heads off!
The 15-headed hydra grows two more!
You hit the 17-headed hydra.
You feel better.
The 17-headed hydra is heavily wounded.
The 17-headed hydra bites you but does no damage. x4
You block the 17-headed hydra's attack.
The 17-headed hydra bites you but does no damage.
You block the 17-headed hydra's attack. The 17-headed hydra barely misses you.
The 17-headed hydra bites you but does no damage. x2
You block the 17-headed hydra's attack. The 17-headed hydra bites you.
The 17-headed hydra bites you but does no damage.
The 17-headed hydra bites you. The 17-headed hydra barely misses you.
The 17-headed hydra bites you. You block the 17-headed hydra's attack.
You open the lid... ...and a larval fireweird beast leaps out!
The box is emptied!
Bladwarg hits the 17-headed hydra with a +0 long sword!
You block the 17-headed hydra's attack.
The 17-headed hydra bites you but does no damage.
The 17-headed hydra bites you.
* * * LOW HITPOINT WARNING * * *
You block the 17-headed hydra's attack. x2
The 17-headed hydra bites you but does no damage.
The 17-headed hydra bites you!
* * * LOW HITPOINT WARNING * * *
The 17-headed hydra bites you.
* * * LOW HITPOINT WARNING * * *
The 17-headed hydra bites you.
* * * LOW HITPOINT WARNING * * *
The 17-headed hydra bites you.
* * * LOW HITPOINT WARNING * * *
The 17-headed hydra bites you!
* * * LOW HITPOINT WARNING * * *
You block the 17-headed hydra's attack.
The 17-headed hydra bites you but does no damage. x2
The 17-headed hydra bites you.
You die...

. ####### .. #.....# #.
######## ###.....##
.#..###.(##..#####.......#.
.....>..H..................
...........................
........oD@................
...........................
###.####.#.####P.#########.
# ##### #### ##


You could see a 17-headed hydra (ally target), a friendly larval fireweird beast
(summoned) and the friendly Bladwarg the orc knight.

Vanquished Creatures
  A hydra (Lair:2)
  A two-headed ogre (D:8)
  Pikel (D:8)
  Maggie (D:8)
  2 cane toads (Lair:1)
  2 rime drakes
  A komodo dragon (D:9)
  A jumping spider (Lair:3)
  2 polar bears
  6 blink frogs (Lair:1)
  29 yaks
  2 redbacks (Lair:3)
  A wyvern (D:9)
  A basilisk (Lair:2)
  4 water moccasins
  A sky beast (D:7)
  A black bear (D:9)
  An ogre (D:7)
  14 wolves
  3 centaurs
  An elf zombie (Ossuary)
  10 bullfrogs
  A wyvern zombie (D:6)
  4 scorpions
  3 killer bees (D:8)
  A vampire bat (Lair:1)
  3 howler monkeys
  2 centaur zombies (Ossuary)
  9 hounds
  An orc priest (D:6)
  A centaur skeleton (D:4)
  3 jellies
  4 human zombies (Ossuary)
  A bullfrog skeleton (D:8)
  2 iguanas
  5 hell rats (Lair:2)
  5 orc wizards
  8 worker ants
  3 hound zombies
  A killer bee simulacrum (D:8)
  3 mummies (Ossuary)
  A hound skeleton (D:4)
  A howler monkey zombie (D:9)
  4 gnolls (D:2)
  8 adders
  14 river rats (Lair:2)
  A shadow imp (D:8)
  3 white imps
  4 ufetubi
  4 adder zombies
  3 worms
  4 dart slugs
  An adder simulacrum (D:8)
  5 leopard geckos
  16 orcs
  A ball python (D:1)
  8 giant cockroaches
  2 gnoll zombies (Ossuary)
  9 goblins
  8 hobgoblins
  12 jackals
  A kobold (D:2)
  10 quokkas
  14 bats
  5 frilled lizards
  2 goblin zombies (Ossuary)
  A hobgoblin zombie (Ossuary)
  3 jackal zombies (Ossuary)
  4 kobold zombies (Ossuary)
  A quokka skeleton (D:8)
  6 quokka zombies (Ossuary)
  17 rats
  4 rat zombies (Ossuary)
323 creatures vanquished.

Vanquished Creatures (collateral kills)
  Gastronok (Lair:1)
  Urug (Lair:3)
  A komodo dragon (Lair:1)
  2 cane toads
  2 jumping spiders (Lair:3)
  A blink frog (Lair:1)
  3 yaks (Lair:1)
  A water moccasin (Lair:3)
  2 wolves (Lair:3)
  A rat (Lair:2)
15 creatures vanquished.

Vanquished Creatures (others)
  An orc warrior (Lair:1)
  An orc priest (D:7)
  2 orc wizards (Lair:2)
  4 orcs
  A giant cockroach (D:7)
  2 bushes (Lair:2)
  6 fungi
  27 plants
44 creatures vanquished.

Grand Total: 382 creatures vanquished

Notes
Turn   | Place    | Note
-------+----------+-------------------------------------------
     0 | D:1      | Garpagan the Hill Orc Fighter began the quest for the Orb.
     0 | D:1      | Reached XP level 1. HP: 19/19 MP: 1/1
   159 | D:1      | Reached XP level 2. HP: 23/27 MP: 2/2
   419 | D:1      | Reached skill level 3 in Axes
   684 | D:1      | Reached XP level 3. HP: 33/33 MP: 3/3
   936 | D:2      | Found a faded altar of an unknown god.
   948 | D:2      | Gained mutation: Your spells are a little harder to cast,
                  | but a little more powerful. [potion of mutation]
   948 | D:2      | Gained mutation: You are strong-willed. (Will+) [potion of
                  | mutation]
   948 | D:2      | Gained mutation: Your system is resistant to poisons.
                  | (rPois) [potion of mutation]
   948 | D:2      | Gained mutation: You have sharp toenails. [potion of
                  | mutation]
  1320 | D:2      | Reached XP level 4. HP: 40/40 MP: 4/4
  1345 | D:2      | Found a hazy altar of Hepliaklqana.
  1574 | D:2      | Reached skill level 4 in Axes
  1579 | D:2      | Reached XP level 5. HP: 7/46 MP: 5/5
  2399 | D:3      | Found a stormy altar of Qazlal.
  2788 | D:4      | Found Qoid's Distillery.
  2834 | D:4      | Reached skill level 5 in Axes
  2834 | D:4      | Reached XP level 6. HP: 53/53 MP: 6/6
  2853 | D:4      | Found an ancient bone altar of Kikubaaqudgha.
  2853 | D:4      | Found a radiant altar of Vehumet.
  2854 | D:4      | Found a blossoming altar of Fedhas.
  2912 | D:4      | Bought a potion of haste for 130 gold pieces
  2935 | D:4      | Reached skill level 5 in Shields
  3388 | D:4      | Became a worshipper of Beogh the Brigand
  3507 | D:5      | Entered Level 5 of the Dungeon
  3522 | D:4      | Reached skill level 5 in Armour
  3689 | D:5      | Reached XP level 7. HP: 58/60 MP: 7/7
  3727 | D:5      | Found a bloodstained altar of Trog.
  3767 | D:5      | Reached skill level 6 in Axes
  3845 | D:5      | Found a sand-covered staircase.
  3855 | Ossuary  | Entered an ossuary
  3903 | Ossuary  | Reached * piety under Beogh
  4096 | Ossuary  | Reached skill level 7 in Axes
  4111 | Ossuary  | Reached skill level 5 in Fighting
  4193 | Ossuary  | Reached ** piety under Beogh
  4194 | Ossuary  | Reached XP level 8. HP: 51/68 MP: 8/8
  4332 | D:5      | Reached skill level 8 in Axes
  4835 | D:6      | Found a staircase to the Ecumenical Temple.
  4859 | Temple   | Entered the Ecumenical Temple
  4918 | D:6      | Reached skill level 9 in Axes
  6410 | D:7      | Found a shimmering altar of Xom.
  6521 | D:7      | Found an ornate altar of the Wu Jian Council.
  6702 | D:7      | Reached skill level 10 in Axes
  6784 | D:7      | Reached XP level 9. HP: 75/75 MP: 9/9
  6801 | D:7      | Found a glowing golden altar of the Shining One.
  6803 | D:7      | Noticed an angel
  6890 | D:7      | Reached *** piety under Beogh
  6977 | D:7      | Found a basalt altar of Yredelemnul.
  7296 | D:8      | Noticed a polar bear
  7308 | D:8      | Killed a polar bear
  7430 | D:8      | Noticed Pikel
  7471 | D:8      | Killed Pikel
  7472 | D:8      | Reached skill level 11 in Axes
  7598 | D:8      | Noticed a two-headed ogre
  8242 | D:8      | Found a sacrificial altar of Ru.
  8257 | D:8      | Noticed Maggie
  8271 | D:8      | Killed Maggie
  8272 | D:8      | Reached skill level 12 in Axes
  8272 | D:8      | Reached skill level 1 in Dodging
  8541 | D:8      | Killed a two-headed ogre
  8542 | D:8      | Reached XP level 10. HP: 61/86 MP: 10/10
  9345 | D:9      | Found a staircase to the Lair.
  9366 | D:9      | Reached skill level 13 in Axes
  9502 | Lair:1   | Entered Level 1 of the Lair of Beasts
  9656 | Lair:1   | Reached skill level 1 in Stealth
  9795 | Lair:1   | Noticed an eight-headed hydra
 10057 | D:9      | Reached skill level 14 in Axes
 10136 | D:9      | Found Imefymih's Antique Weapon Shop.
 10147 | D:9      | Bought a runed war axe for 149 gold pieces
 10247 | D:9      | Gained Ortolf as an ally
 10248 | D:9      | Reached XP level 11. HP: 95/95 MP: 11/11
 10323 | D:9      | Found Qoekuw's Antique Weapon Emporium.
 10476 | Lair:1   | Your ally Ortolf died
 10519 | D:10     | Entered Level 10 of the Dungeon
 11149 | Lair:1   | Reached **** piety under Beogh
 11524 | Lair:1   | Noticed Gastronok
 11958 | Lair:2   | Noticed an eight-headed hydra
 11983 | Lair:2   | Killed a one-headed hydra
 12005 | Lair:2   | Reached skill level 15 in Axes
 12573 | Lair:2   | Reached ***** piety under Beogh
 12593 | Lair:2   | Gained Bladwarg as an ally
 12877 | Lair:2   | Identified the +4 hand axe "Cainwer" {vamp, *Contam *Noise
                  | rElec Dex+9}
 13088 | Lair:1   | Killed Gastronok
 13089 | Lair:1   | Reached skill level 10 in Fighting
 13110 | Lair:1   | Reached XP level 12. HP: 104/106 MP: 12/12
 13162 | Lair:1   | Reached skill level 10 in Armour
 14095 | Lair:3   | Noticed Urug
 14116 | Lair:3   | Killed Urug
 14492 | Lair:3   | Found a hole to the Spider Nest.
 14717 | Lair:3   | Noticed a six-headed hydra
 14733 | Lair:3   | HP: 1/108 [17-headed hydra (10)]
 14733 | Lair:3   | Slain by a 17-headed hydra

Illustrated notes

Levels and vault maps discovered:
D:1:      dpeg_arrival_tiny_h, layout_rooms
D:2:      layout_basic, old_standard_altar, chequers_ecumenical_altar_twisty,
          kennysheep_generic_room_14
D:3:      layout_basic, lemuel_doored_altar, wad_floor_pattern_2
D:4:      layout_cave_pools, gammafunk_temple_overflow_claw, serial_shops,
          nicolae_shop_stone, kennysheep_generic_room_9
D:5:      layout_rooms, basic_altar, nicolae_ossuary_entry_false_entrances
D:6:      layout_loops_cross, kennysheep_mini, minmay_temple_entry_stoned_glass,
          serial_bayou_ford_a, grunt_ministairs_3
D:7:      layout_loops_ring, grunt_temple_overflow_holy_war,
          kennysheep_mini_moat, xom_confusion_cloud,
          chequers_serial_rivers_micro_d
D:8:      layout_basic, nicolae_overflow_crystal_walls, general_overflow_altar,
          serial_ice, serial_ice_l, serial_ice_d, serial_ice_m, serial_ice_a,
          uniq_maggie, uniq_pikel
D:9:      layout_loops_cross, david_lair_shrubbed, serial_shops, shop,
          nicolae_shop_crystal
D:10:     layout_roguey, kennysheep_orc_monster_closet_entryway, enter_bailey_2
Temple:   zaba_magenta_temple
Lair:1:   beast_lair_carwin_large_3, layout_big_grid, gauntlet_entry_generic,
          nicolae_lair_grove_arrangements, roderic_batcave, uniq_gastronok
Lair:2:   lemuel_ratsnest, layout_cave_shapes, serial_forest,
          infiniplex_forest_lined_4_way, infiniplex_forest_corner_1,
          infiniplex_forest_lined_ring, infiniplex_forest_clump_small,
          infiniplex_forest_lined_2, infiniplex_forest_lined_2
Lair:3:   layout_cellular_growth, nicolae_spider_entry_tight_spaces,
          serial_bayou_pond_d, serial_bayou_pond_c, tgw_fedhas, uniq_urug

Skill      XL: |  1  2  3  4  5  6  7  8  9 10 11 12 |
---------------+-------------------------------------+-----
Axes           | 3 4 5 7 10 12 14 15 | 15.9
Armour         | 4 5 6 7 8 9 10 | 10.8
Shields        | 4 5 6 7 8 9 |  9.9
Fighting       | 4 5 7 8 10 | 10.8
Dodging        | 1 2 |  2.0
Stealth        | 1 |  1.3
Evocations     | |  0.3

Action                   |  1- 3 |  4- 6 |  7- 9 | 10-12 || total
-------------------------+-------+-------+-------+-------++-------
Melee: War axe           |   125 |   159 |   313 |   283 ||   880
       Kick              |     9 |    56 |   113 |   152 ||   330
       Hand axe          |       |       |       |   164 ||   164
Invok: Convert to Beogh  |       |     1 |       |       ||     1
Evoke: Wand              |       |       |     2 |       ||     2
       Box of beasts     |       |       |       |     1 ||     1
  Use: Scroll            |     3 |    10 |     6 |     7 ||    26
       Potion            |     2 |     1 |     2 |     3 ||     8
 Stab: Distracted        |       |       |       |     1 ||     1
       Invisible         |       |       |       |     1 ||     1
Armor: Scale mail        |    76 |    38 |       |       ||   114
       Chain mail        |       |    50 |     3 |       ||    53
       Plate armour      |       |       |   141 |   249 ||   390
Dodge: Dodged            |    48 |    43 |    48 |   110 ||   249
Block: Kite shield       |    81 |   109 |   156 |   294 ||   640

Table legend: (Time is in decaauts)
 A = Elapsed time spent in this place.
 B = Non-inter-level travel time spent in this place.
 C = Inter-level travel time spent in this place.
 D = Time resting spent in this place.
 E = Time spent auto-exploring this place.
 F = Levels seen in this place.
 G = Mean time per level.
                   A        B        C        D        E       F      G
               +--------+--------+--------+--------+--------+-----+--------+
         Total |  14847 |  14643 |    204 |   4294 |   6434 |  15 |  989.8 |
       Dungeon |  10341 |  10182 |    159 |   3401 |   4267 |  10 | 1034.1 |
        Temple |     41 |     41 |      0 |      0 |      0 |   1 |   41.0 |
          Lair |   3994 |   3950 |     44 |    761 |   2158 |   3 | 1331.3 |
       Ossuary |    470 |    470 |      0 |    132 |      9 |   1 |  470.0 |
               +--------+--------+--------+--------+--------+-----+--------+

Top non-repeatable levels by time:
     D:8: 1952 daAuts
  Lair:1: 1674 daAuts
     D:9: 1457 daAuts
     D:6: 1451 daAuts
  Lair:2: 1418 daAuts
     D:2: 1189 daAuts
     D:4: 1102 daAuts
     D:7: 930 daAuts
     D:1: 903 daAuts
  Lair:3: 901 daAuts
     D:5: 725 daAuts
     D:3: 621 daAuts
 Ossuary: 470 daAuts
  Temple: 41 daAuts
    D:10: 6 daAuts
